 Dungeon Crawl Stone Soup version 0.30-a0-737-gf23d94013f (webtiles) character file.

Game seed: 7117035786716722727

123 bmack86 the Shield-Bearer (level 4, 0/40 HPs)
             Began as a Minotaur Fighter on Feb 2, 2023.
             Constricted to death by Sigmund (5 damage)
             ... on level 4 of the Dungeon.
             The game lasted 00:04:33 (2448 turns).

bmack86 the Shield-Bearer (Minotaur Fighter)        Turns: 2448, Time: 00:04:34

Health: 0/40       AC:  8    Str: 23    XL:     4   Next: 79%
Magic:  3/3        EV:  6    Int:  5    God:
Gold:   164        SH:  0    Dex:  9    Spells: 3/3 levels left

rFire   . . .      SeeInvis .    a - +1 war axe
rCold   + . .      Faith    .    c - +0 buckler
rNeg    . . .      Spirit   .    e - +1 scale mail {rC+}
rPois   .          Reflect  .    (helmet restricted)
rElec   .          Harm     .    (no cloak)
rCorr   .          Rampage  .    (no gloves)
Will    .....                    (no boots) Stlth
                                 m - amulet of regeneration
HPRegen 1.06/turn                (no ring)
MPRegen 0.08/turn                (no ring)

@: confused, grasped by roots, constricted
A: horns 2, retaliatory headbutt
a: no special abilities


You were on level 4 of the Dungeon.
You visited 1 branch of the dungeon, and saw 4 of its levels.

You collected 164 gold pieces.

Inventory:

Hand Weapons
 a - a +1 war axe (weapon)
Missiles
 h - 19 poisoned darts (quivered)
Armour
 c - a +0 buckler (worn)
 e - a +1 scale mail of cold resistance (worn)
Jewellery
 m - an amulet of regeneration (around neck)
 o - a ring of wizardry
Potions
 b - a potion of resistance {unknown}
 d - 3 potions of might
 f - 5 potions of brilliance
 g - 3 potions of mutation
 i - a potion of berserk rage {unknown}
 j - a potion of haste {unknown}
 k - a potion of ambrosia {unknown}
 n - a potion of curing {unknown}
 p - a potion of lignification {unknown}


   Skills:
 + Level 4.2 Fighting
 * Level 4.1 Axes
 + Level 1.3 Throwing
 + Level 4.2 Armour
 + Level 4.4 Shields


You had 3 spell levels left.
You didn't know any spells.
Your spell library contained the following spells:

 Spells                   Type           Power      Damage    Failure   Level
 Blink                    Tloc           0%         N/A       95%         2
 Lesser Beckoning         Tloc           0%         N/A       95%         2
 Momentum Strike          Conj/Tloc      0%         3d8       95%         2


Dungeon Overview and Level Annotations

Branches:
Dungeon (4/15)
 Temple: D:4-7

Altars:
Elyvilon
Hepliaklqana
Sif Muna
Vehumet

Annotations:
D:4 Sigmund


Innate Abilities, Weirdness & Mutations

You have a pair of horns on your head.
You reflexively headbutt those who attack you in melee.


Message History

You are constricted.
You barely miss something. Your headbutt misses something. Something hits you.
You are constricted.
You miss something.
You hear some strange, mumbled words.
Something tries to affect you, but you resist.
You are constricted.
You slash something! Something completely misses you.
You are constricted.
The grasping roots release their grip on you.
You hit something. Your headbutt misses something.
You hear some strange, mumbled words.
Something tries to affect you, but you resist.
You closely miss something. Your headbutt misses something.
A phantom comes into view.
Something hits you.
You miss something. Your headbutt misses something.
Something hits you but does no damage.
You completely miss something. Your headbutt misses something.
You hear some strange, mumbled words.
A puff of flame appears from out of thin air!
The puff of flame hits you!
* * * LOW HITPOINT WARNING * * *
You barely miss something.
You hear a zap.
The roots erupt in riotous growth!
The grasping roots grab you!
You are constricted.
You hear some strange, mumbled words.
You are confused.
You are constricted.
* * * LOW HITPOINT WARNING * * *
You miss something. Your headbutt misses something.
Something completely misses you.
You are constricted.
* * * LOW HITPOINT WARNING * * *
You miss the phantom. Your headbutt misses the phantom. You miss something.
The phantom barely misses you.
You hear some strange, mumbled words.
A puff of flame appears from out of thin air!
The puff of flame misses you.
You are constricted.
You die...

#...........
#..........#
#..........##
#$..........#
#...........#
#...........#
#...........#
#.........W.###...
#.........@{..'...
#############.....
..... ..## .#. ##.


You could see a phantom.

Vanquished Creatures
  A hound (D:4)
  An orc priest (D:3)
  An adder (D:3)
  A shadow imp (D:4)
  4 orcs (D:3)
  7 ball pythons
  3 bats
  3 endoplasms
  3 giant cockroaches
  6 goblins
  3 hobgoblins (D:1)
  2 quokkas
  3 frilled lizards
  A kobold (D:3)
  A rat (D:3)
40 creatures vanquished.

Notes
Turn   | Place    | Note
-------+----------+-------------------------------------------
     0 | D:1      | bmack86 the Minotaur Fighter began the quest for the Orb.
     0 | D:1      | Reached XP level 1. HP: 19/19 MP: 0/0
   123 | D:1      | Found a faded altar of an unknown god.
   144 | D:1      | Reached XP level 2. HP: 26/27 MP: 1/1
  1176 | D:2      | Reached XP level 3. HP: 33/33 MP: 2/2
  1697 | D:3      | Reached skill level 1 in Throwing
  1697 | D:3      | Reached XP level 4. HP: 20/40 MP: 3/3
  1759 | D:3      | Found a radiant altar of Vehumet.
  1768 | D:3      | Found a white marble altar of Elyvilon.
  1823 | D:3      | Found a faded altar of an unknown god.
  1828 | D:3      | Found a shimmering blue altar of Sif Muna.
  1981 | D:3      | Found a hazy altar of Hepliaklqana.
  2416 | D:4      | Noticed Sigmund
  2443 | D:4      | Noticed a phantom
  2448 | D:4      | Constricted to death by Sigmund

Illustrated notes

Levels and vault maps discovered:
D:1:      amcnicky_arrival_gap_in_the_tavern_cellar, layout_basic,
          basic_ecumenical_altar
D:2:      layout_rooms
D:3:      layout_basic, mainiacjoe_overflow_paths, mainiacjoe_overflow_swirl,
          nicolae_overflow_ecumenical_swirl
D:4:      layout_basic, ebering_ghost_disaster_area,
          minmay_a_box_with_orc_wizards_in_it, uniq_sigmund

Skill      XL: |  1  2  3  4 |
---------------+-------------+-----
Axes           | 3 4 |  4.1
Shields        | 4 |  4.4
Fighting       | 4 |  4.2
Throwing       | 1 |  1.3
Armour         | 4 |  4.2

Action                     |  1- 3 |  4- 6 || total
---------------------------+-------+-------++-------
  Melee: War axe           |    77 |    41 ||   118
         Headbutt          |    10 |     2 ||    12
    Use: Scroll            |     6 |     3 ||     9
 Armour: Scale mail        |    46 |    15 ||    61
  Dodge: Dodged            |    47 |    19 ||    66
  Block: Buckler           |    25 |     6 ||    31

Table legend: (Time is in decaauts)
 A = Elapsed time spent in this place.
 B = Non-inter-level travel time spent in this place.
 C = Inter-level travel time spent in this place.
 D = Time resting spent in this place.
 E = Time spent auto-exploring this place.
 F = Levels seen in this place.
 G = Mean time per level.
                   A        B        C        D        E       F      G
               +--------+--------+--------+--------+--------+-----+--------+
         Total |   2492 |   2348 |    144 |      0 |   1735 |   4 |  623.0 |
       Dungeon |   2492 |   2348 |    144 |      0 |   1735 |   4 |  623.0 |
               +--------+--------+--------+--------+--------+-----+--------+

Top non-repeatable levels by time:
     D:1: 1004 daAuts
     D:3: 911 daAuts
     D:2: 513 daAuts
     D:4: 63 daAuts
